 Dungeon Crawl Stone Soup version 0.31-a0-219-g8d62b2e7bb (webtiles) character file.

Game seed: 7702729803841323812

53 qw the Shooter (level 3, -2/29 HPs)
             Began as a Minotaur Hexslinger on July 3, 2023.
             Slain by a gnoll
             ... wielding a +0 halberd
              (6 damage)
             ... on level 2 of the Dungeon.
             The game lasted 00:00:30 (1216 turns).

qw the Shooter (Minotaur Hexslinger)                Turns: 1216, Time: 00:00:31

Health: -2/29      AC:  2    Str: 12    XL:     3   Next: 64%
Magic:  3/3        EV: 12    Int: 10    God:
Gold:   58         SH:  0    Dex: 14    Spells: 3/4 levels left

rFire   . . .        Y - +1 sling
rCold   . . .        (no shield)
rNeg    . . .        c - +0 robe
rPois   .            (helmet restricted)
rElec   .            (no cloak)
rCorr   .            (no gloves)
SInv    .            (no boots)
Will    .....        (no amulet)
Stlth   +            (no ring)
HPRegen 0.24/turn    (no ring)
MPRegen 0.08/turn

%: no passive effects
@: no status effects
A: horns 2, retaliatory headbutt
a: no special abilities


You were on level 2 of the Dungeon.
You visited 1 branch of the dungeon, and saw 2 of its levels.

You collected 58 gold pieces.


Innate Abilities, Weirdness & Mutations

You have a pair of horns on your head.
You reflexively headbutt those who attack you in melee.


   Skills:
 - Level 2.0 Fighting
 + Level 4.2 Ranged Weapons
 - Level 2.1 Dodging
 - Level 1.0 Spellcasting
 - Level 2.0 Hexes


You had 3 spell levels left.
You knew the following spells:

 Your Spells              Type           Power      Damage    Failure   Level
a - Slow                  Hex            16%        N/A       16%         1

Your spell library contained the following spells:

 Spells                   Type           Power      Damage    Failure   Level
 Inner Flame              Hex/Fire       2%         N/A       56%         3
 Portal Projectile        Hex/Tloc       4%         N/A       56%         3
 Cause Fear               Hex            2%         N/A       83%         4

Inventory:

Hand Weapons
 Y - a +1 sling (weapon)
Armour
 c - a +0 robe (worn)
 e - a +0 pair of boots
Scrolls
 a - a scroll of enchant armour {unknown}
 b - a scroll of torment {unknown}
 g - a scroll of amnesia {unknown}
Potions
 d - 3 potions of curing {unknown}
 f - a potion of resistance {unknown}
 h - a potion of degeneration {unknown}

Dungeon Overview and Level Annotations

Branches:
Dungeon (2/15)

Altars:


Message History

Enter note:
Enter note:
g - a scroll labelled XOPSUT AMYXIABB
Enter note:
Enter note:
Enter note:
Enter note:
Enter note:
Enter note: You open the door. 3 gnolls, a frilled lizard and a goblin come into view.
A gnoll is wielding a +0 spear of venom.
The gnoll shouts! x2; You hear a shout!
A gnoll comes into view. It is wielding a +0 halberd.
The goblin moves out of view.
The frilled lizard hisses angrily.
Enter note:
Enter note:
Enter note:
Enter note:
Enter note:
Enter note: You shoot a sling bullet.
The sling bullet completely misses the gnoll.
The gnoll shouts!
The gnoll barely misses you.
You shoot a sling bullet. The sling bullet hits the gnoll.
The gnoll is moderately wounded.
The gnoll hits you with a +0 flail.
You shoot a sling bullet.
The sling bullet closely misses the gnoll.
The sling bullet hits the gnoll.
The gnoll is lightly wounded.
The gnoll hits you from afar with a +0 halberd!
The gnoll hits you from afar with a +0 spear.
The gnoll hits you with a +0 flail. The gnoll misses you.
You shoot a sling bullet.
The sling bullet barely misses the gnoll.
The gnoll hits you from afar with a +0 halberd.
You die...

# ######### #..
....... ####
#.####..g#....#
#.......@'gg..#
#####........#gl..#
#...#...#....# ...#
#...#...#..#.# ..#
#...#...#..#.+ .#
#...##.....#.# #
#...##.###.#.#
#...#......#.#
#............#


You could see 4 gnolls and a frilled lizard.

Vanquished Creatures
  A gnoll (D:1)
  7 ball pythons (D:1)
  2 endoplasms
  2 giant cockroaches (D:2)
  A goblin (D:1)
  2 hobgoblins
  9 jackals
  3 kobolds (D:1)
  3 quokkas
  3 bats (D:1)
  3 frilled lizards (D:1)
  4 rats (D:1)
40 creatures vanquished.

Notes
Turn   | Place    | Note
-------+----------+-------------------------------------------
     0 | D:1      | qw the Minotaur Hexslinger began the quest for the Orb.
     0 | D:1      | Reached XP level 1. HP: 16/16 MP: 1/1
     0 | D:1      | 0 ||| qw: Version: 0.3-a-40-ge99b1a8
     0 | D:1      | 0 ||| qw: Game counter: 425
     0 | D:1      | 0 ||| qw: Melee chars always use a shield: true
     0 | D:1      | 0 ||| qw: God list: Okawaru
     0 | D:1      | 0 ||| qw: Allow faded altars: false
     0 | D:1      | 0 ||| qw: Do Orc after clearing Dungeon:15 true
     0 | D:1      | 0 ||| qw: Do second Lair branch before Depths: true
     0 | D:1      | 0 ||| qw: Lair rune preference: random
     0 | D:1      | 0 ||| qw: Goals: Normal
     0 | D:1      | 0 ||| PLANNING D:1-11
    55 | D:1      | Found a faded altar of an unknown god.
    99 | D:1      | Reached skill level 3 in Ranged Weapons
    99 | D:1      | Reached XP level 2. HP: 23/23 MP: 2/2
   421 | D:1      | Reached XP level 3. HP: 29/29 MP: 3/3
   546 | D:1      | HP: 5/29 [gnoll/+0 club (8)]
   717 | D:1      | Reached skill level 4 in Ranged Weapons
   908 | D:1      | 908 ||| READING scroll labelled QIMATHR GANKE.
   909 | D:1      | 909 ||| READING scroll labelled URYFUL BYMMEMU.
   912 | D:1      | 912 ||| READING scroll labelled PYKIKK AMICW.
   913 | D:1      | 913 ||| DROPPING scroll of poison.
  1215 | D:2      | HP: 4/29 [gnoll/+0 flail (5)]
  1216 | D:2      | Slain by a gnoll

Levels and vault maps discovered:
D:1:      kennysheep_arrival_seaside, layout_loops_cross,
          dreamdust_ecumenical_altar_angels_and_demons,
          chequers_serial_rivers_micro_a, minmay_shallow_snake_nest
D:2:      minmay_general_purpose_star, layout_basic

Skill      XL: |  1  2  3 |
---------------+----------+-----
Ranged Weapons | 3 4 |  4.2
Fighting       | 2 |  2.0
Dodging        | |  2.1
Spellcasting   | |  1.0
Hexes          | |  2.0

Action                     || total
---------------------------++-------
   Fire: Sling             ||   125
    Use: Scroll            ||     3
 Armour: Robe              ||     8
  Dodge: Dodged            ||    39

Table legend:
 A = Non-vault XP
 B = Vault XP
 C = Vault XP percentage of total XP
 D = Non-vault monster count
 E = Vault monster count
 F = Vault count percentage of total count
                 A         B        C        D         E       F
            +---------+---------+-------+---------+---------+-------
      Total |      74 |       3 |   3.9 |      38 |       2 |   5.0
            +---------+---------+-------+---------+---------+-------
        D:1 |      60 |       3 |   4.8 |      31 |       2 |   6.1
        D:2 |      14 |       0 |   0.0 |       7 |       0 |   0.0
            +---------+---------+-------+---------+---------+-------
